 Dungeon Crawl Stone Soup version 0.32-a0-893-gf85d74f360 (webtiles) character file.

Game seed: 3458837415747298945

184 timneilson the Ruffian (level 5, -5/34 HPs)
             Began as an Octopode Shapeshifter on Apr 3, 2024.
             Slain by Blork the orc
             ... wielding a +0 battleaxe
              (6 damage)
             ... on level 4 of the Dungeon.
             The game lasted 00:05:37 (2354 turns).

timneilson the Ruffian (Octopode Shapeshifter)      Turns: 2354, Time: 00:05:38

Health: -5/34      AC:  1    Str: 15    XL:     5   Next: 63%
Magic:  5/5        EV:  2    Int: 13    God:
Gold:   191        SH:  0    Dex: 11    Spells: 4/4 levels left

rFire   . .          .
                       - Unarmed
rCold   . . .        (no shield)
rNeg    . . .        (helmet currently unavailable)
rPois   .            (no amulet)
rElec   .            (no ring)
rCorr   .            (no ring)
SInv    .            (no ring)
Will    .....        (no ring)
Stlth   +++          (no ring)
HPRegen 0.25/turn    (no ring)
MPRegen 0.09/turn    (no ring)
                     (no ring)

%: no passive effects
@: beast-form, constricted
A: beast (slay +2), almost no armour, amphibious, 8 rings, camouflage 1,
gelatinous body 1, (nimble swimmer 1), tentacles
a: Begin Untransformation


You were on level 4 of the Dungeon.
You were a hulking beast.
You visited 1 branch of the dungeon, and saw 4 of its levels.

You collected 191 gold pieces.

Inventory:

Missiles
 j - 5 poisoned darts (quivered)
Jewellery
 e - a ring of ice
 g - a ring of ice
Talismans
 b - a beast talisman (active)
 c - a flux talisman
Wands
 o - a wand of roots (5)
 s - a wand of mindburst (24)
Scrolls
 d - 2 scrolls of teleportation
 l - a scroll of identify
 m - 2 scrolls of enchant armour {unknown}
 n - a scroll of immolation
 q - a scroll of silence {unknown}
 r - a scroll of amnesia {unknown}
Potions
 a - a potion of lignification
 f - a potion of might {unknown}
 h - a potion of brilliance {unknown}
 i - a potion of enlightenment {unknown}
 k - a potion of ambrosia {unknown}
 p - 3 potions of berserk rage
 t - a potion of haste {unknown}


   Skills:
 + Level 1.9 Fighting
 * Level 3.2 Dodging
 + Level 2.2 Stealth
 * Level 3.9 Unarmed Combat
 + Level 0.4 Evocations
 * Level 3.8 Shapeshifting


You had 4 spell levels left.
You didn't know any spells.
Your spell library contained the following spells:

 Spells                   Type           Power      Damage    Failure   Level
 Sting                    Conj/Alch      0%         1d3       30%         1
 Cigotuvi's Dreadful Rot  Necr/Alch/Air  0%         N/A       43%         2
 Mercury Vapours          Alch/Air       0%         N/A       43%         2
 Dispel Undead            Necr           0%         3d6       97%         4
 Martyr's Knell           Necr/Summ      0%         N/A       97%         4
 Olgreb's Toxic Radiance  Alch           0%         N/A       97%         4
 Chain Lightning          Conj/Air       0%         N/A       100%        9
 Fire Storm               Conj/Fire      0%         5d1       100%        9
 Shatter                  Erth           0%         3d5*      100%        9


Dungeon Overview and Level Annotations

Branches:
Dungeon (4/15)
 Temple: D:4-7

Altars:

Shops:
D:4 *

Annotations:
D:4 Blork the orc


Innate Abilities, Weirdness & Mutations

You are a hulking beast.
Your limbs bulge with bestial killing power. (Slay +2)
You cannot wear most types of armour.
You are amphibious.
You can wear up to eight rings at the same time.
Your skin changes colour to match your surroundings (Stealth+).
Your rubbery body absorbs attacks. (AC +1, EV +1)
((You are camouflaged when in or above water. (Stealth+)))
You have tentacles for arms and can constrict up to eight enemies at once.


Message History

You tentacle-slap the goblin.
You kill the goblin!
You see here a +0 dagger.
You now have 191 gold pieces (gained 10).
Blork the orc comes into view.
He is wielding a +0 battleaxe.
Blork the orc shouts!
You hear an angry hiss.
Blork the orc casts a spell at you. The puff of flame hits you!
A ball python comes into view.
Blork the orc gestures at you while chanting.
The puff of frost misses you.
Found a stone staircase leading up.
You see here a scroll labelled HOHIRUSONA.
You tentacle-slap Blork the orc but do no damage.
Your grab misses Blork the orc. Your squeeze misses Blork the orc.
Blork the orc casts a spell at you. The magic dart hits you.
You barely miss Blork the orc. Your grab misses Blork the orc.
Blork the orc closely misses you.
You barely miss Blork the orc. You grab Blork the orc.
You constrict Blork the orc. The ball python bites you.
The ball python barely misses you.
Blork the orc points at you and mumbles some strange words.
The puff of frost hits you!
You tentacle-slap Blork the orc.
Blork the orc is lightly wounded.
You constrict Blork the orc. The ball python barely misses you.
The ball python grabs you. The ball python constricts you.
Blork the orc points at you and mumbles some strange words.
The puff of frost hits you!
* * * LOW HITPOINT WARNING * * *
You tentacle-slap Blork the orc.
Blork the orc is heavily wounded.
You constrict Blork the orc. The ball python bites you.
* * * LOW HITPOINT WARNING * * *
The ball python constricts you.
* * * LOW HITPOINT WARNING * * *
Blork the orc hits you with a +0 battleaxe.
You die...
Blork the orc shouts, "I believe in me!"

###.....##################
#.......# #.......#
#.......# ###.....#
##.#..+ ##...### #......##
#.....ho# ######S#......
<.. ..#.. . ..... ## .
#..#.## . ### .. . ... .
... .


You could see Blork the orc and a ball python.

Vanquished Creatures
  Ijyb (D:3)
  Robin (D:3)
  8 adders
  A ribbon worm (D:3)
  2 dart slugs
  4 ball pythons
  6 endoplasms
  A giant cockroach (D:1)
  16 goblins
  6 hobgoblins
  5 kobolds
  3 quokkas
  7 bats
  4 frilled lizards
  5 rats
70 creatures vanquished.

Notes
Turn   | Place    | Note
-------+----------+-------------------------------------------
     0 | D:1      | timneilson the Octopode Shapeshifter began the quest for
                  | the Orb.
     0 | D:1      | Reached XP level 1. HP: 13/13 MP: 1/1
    63 | D:1      | Reached XP level 2. HP: 18/18 MP: 2/2
   270 | D:1      | Found a faded altar of an unknown god.
   325 | D:1      | Reached skill level 1 in Stealth
   365 | D:1      | Reached XP level 3. HP: 23/23 MP: 3/3
  1013 | D:3      | Noticed Robin
  1013 | D:3      | Noticed Ijyb
  1159 | D:3      | Reached XP level 4. HP: 22/28 MP: 4/4
  1646 | D:3      | Killed Robin
  1661 | D:3      | Killed Ijyb
  1662 | D:3      | Reached XP level 5. HP: 20/34 MP: 5/5
  2091 | D:4      | Found Goufam's Mayhem Merchandise.
  2344 | D:4      | Noticed Blork the orc
  2354 | D:4      | HP: 1/34 [constriction (1)]
  2354 | D:4      | Slain by Blork the orc

Illustrated notes

Levels and vault maps discovered:
D:1:      lemuel_arrival_lava_pool, layout_rooms,
          chequers_ecumenical_altar_lobes
D:2:      layout_loops_ring
D:3:      layout_loops_corners, hex_large, st_stairs_4, minmay_misc_feat_roman,
          hangedman_feature_mirror, nicolae_goblin_pals
D:4:      layout_cave_pools, grunt_decor_mini_mirrors, minmay_shop_mayhem,
          roderic_serpentine_path, uniq_blork_the_orc, uniq_ijyb, uniq_robin

Skill      XL: |  1  2  3  4 |
---------------+-------------+-----
Stealth        | 1 2 |  2.2
Dodging        | 3 |  3.2
Fighting       | |  1.9
Unarmed Combat | |  3.9
Evocations     | |  0.4
Shapeshifting  | |  3.8

Action                     |  1- 3 |  4- 6 || total
---------------------------+-------+-------++-------
  Melee: Unarmed           |    66 |    58 ||   124
         Constrict         |    14 |    20 ||    34
         Tentacles         |    13 |     9 ||    22
         Punch             |     3 |     1 ||     4
    Use: Scroll            |     2 |     2 ||     4
   Stab: Sleeping          |    12 |     2 ||    14
         Distracted        |       |     1 ||     1
 Armour: Skin              |    28 |    28 ||    56
  Dodge: Dodged            |    33 |    25 ||    58

Table legend: (Time is in decaauts)
 A = Elapsed time spent in this place.
 B = Non-inter-level travel time spent in this place.
 C = Inter-level travel time spent in this place.
 D = Time resting spent in this place.
 E = Time spent auto-exploring this place.
 F = Levels seen in this place.
 G = Mean time per level.
                   A        B        C        D        E       F      G
               +--------+--------+--------+--------+--------+-----+--------+
         Total |   2345 |   2280 |     65 |      0 |   1616 |   4 |  586.2 |
       Dungeon |   2345 |   2280 |     65 |      0 |   1616 |   4 |  586.2 |
               +--------+--------+--------+--------+--------+-----+--------+

Top non-repeatable levels by time:
     D:3: 1045 daAuts
     D:2: 618 daAuts
     D:1: 419 daAuts
     D:4: 262 daAuts
